 Dungeon Crawl Stone Soup version 0.32-a0-976-g7161d331b1 (webtiles) character file.

Game seed: 18442304896522750810

98605 ouz the Severer (level 15, -3/138 HPs)
             Began as a Mountain Dwarf Fighter on Apr 20, 2024.
             Was the Champion of Okawaru.
             Killed from afar by a naga mage (8 damage)
             ... with a bolt of poison
             ... on level 1 of the Snake Pit.
             The game lasted 00:28:52 (25166 turns).

ouz the Severer (Mountain Dwarf Fighter)           Turns: 25166, Time: 00:28:52

Health: -3/138     AC: 53    Str: 24    XL:     15   Next: 75%
Magic:  0/24       EV: -3    Int:  9    God:    Okawaru [******]
Gold:   3179       SH: 14    Dex: 11    Spells: 14/14 levels left

rFire   + . .        G - +3 broad axe (flame)
rCold   . . .        e - +0 kite shield
rNeg    + + .        H - +14 crystal plate armour of Fuzzy Brilliance {rPois rN++}
rPois   +            (no helmet)
rElec   .            v - +2 cloak
rCorr   .            o - +0 pair of gloves
SInv    .            w - +2 pair of boots
Will    +....        b - amulet of guardian spirit Stlth
                     l - +4 ring of protection
HPRegen 0.43/turn    p - ring of protection from fire
MPRegen 0.19/turn

%: guardian spirit
@: lethally poisoned (-3 -> -26), heroic, slowed, constricted, very slow
A: runic magic, artefact enchanting
a: Renounce Religion, Heroism, Finesse, Duel


You were on level 1 of the Snake Pit.
You worshipped Okawaru.
Okawaru was exalted by your worship.
You visited 5 branches of the dungeon, and saw 24 of its levels.

You collected 4105 gold pieces.
You spent 926 gold pieces at shops.

Inventory:

Hand Weapons
 G - a +3 broad axe of flaming (weapon)
Missiles
 g - a javelin (quivered)
Armour
 e - a +0 kite shield (worn)
 o - a +0 pair of gloves (worn)
 v - a +2 cloak (worn)
 w - a +2 pair of boots (worn)
 H - the +14 crystal plate armour of Fuzzy Brilliance (worn) {rPois rN++}
   (Okawaru gifted it to you on level 4 of the Lair of Beasts)

   rPois:     It protects you from poison.
   rN++:      It greatly protects you from negative energy.
Jewellery
 b - an amulet of guardian spirit (around neck)
 j - an amulet of regeneration
 k - an amulet of reflection
 l - a +4 ring of protection (left hand)
 p - a ring of protection from fire (right hand)
 D - a ring of magical power
Wands
 i - a wand of paralysis (6)
 t - a wand of mindburst (9)
 x - a wand of digging (1)
 E - a wand of flame (3)
 F - a wand of polymorph (5)
 M - a wand of warping (12)
Scrolls
 a - a scroll of blinking
 c - 5 scrolls of teleportation
 f - 2 scrolls of amnesia
 q - 3 scrolls of vulnerability
 s - 2 scrolls of revelation
 y - 6 scrolls of fog
 C - a scroll of poison
 J - 4 scrolls of enchant armour
 K - 3 scrolls of enchant weapon
 N - 6 scrolls of identify
Potions
 d - 3 potions of ambrosia
 m - 2 potions of magic
 n - 2 potions of enlightenment
 r - a potion of heal wounds
 u - a potion of invisibility
 z - 2 potions of brilliance
 A - 2 potions of attraction
 B - 5 potions of might
 I - 2 potions of cancellation
 L - 2 potions of resistance
 O - a potion of haste


   Skills:
 + Level 14.2(19.2) Fighting
 - Level 18.4(23.4) Axes
 + Level 14.2(19.2) Armour
 * Level 15.4(20.4) Shields
 + Level 12.2 Invocations


You had 14 spell levels left.
You didn't know any spells.
Your spell library contained the following spells:

 Spells                   Type           Power      Damage    Failure   Level
 Foxfire                  Conj/Fire      0%         2x1d4     71%         1
 Freeze                   Ice            0%         1d3       71%         1
 Sandblast                Erth           0%         2d4       71%         1
 Mercury Vapours          Alch/Air       0%         N/A       83%         2
 Dazzling Flash           Conj/Hex       0%         N/A       97%         3
 Frozen Ramparts          Ice            0%         1d1       97%         3
 Fugue of the Fallen      Necr           0%         N/A       97%         3
 Hailstorm                Conj/Ice       0%         3d5       97%         3
 Mephitic Cloud           Conj/Alch/Air  0%         N/A       97%         3
 Ozocubu's Armour         Ice            0%         N/A       97%         3
 Passwall                 Erth           0%         N/A       97%         3
 Stone Arrow              Conj/Erth      0%         3d7       97%         3
 Petrify                  Alch/Erth      0%         N/A       100%        4
 Freezing Cloud           Conj/Ice/Air   0%         6-21      100%        5
 Manifold Assault         Tloc           0%         N/A       100%        7


Dungeon Overview and Level Annotations

Branches:
Dungeon (15/15)            Temple (1/1) D:7            Lair (5/5) D:9
  Swamp (0/4) Lair:3        Snake (1/4) Lair:2        Slime (0/5) Lair:4
    Orc (2/2) D:10            Elf (0/3) Orc:2        Vaults (0/5) D:13
 Depths (0/4) D:15

Altars:
Ashenzari
Cheibriados
Dithmenos
Elyvilon
Fedhas
Gozag
Hepliaklqana
Kikubaaqudgha
Makhleb
Nemelex Xobeh
Okawaru
Qazlal
Ru
Sif Muna
Trog
Uskayaw
Vehumet
Wu Jian
Xom
Yredelemnul
Zin
The Shining One
Jiyva

Shops:
D:3 =:[(   D:4 *   Orc:2 [*:!

Annotations:
D:8 1 transporter, 1 runed translucent door, GreedOfGod's ghost, novice FeSu
D:15 Rupert
Lair:2 3 runed translucent doors, ouz's ghost, journeyman MiFi
Lair:3 exclusion: oklob plant
Lair:4 2 transporters, exclusion: oklob plant, Sokar's ghost, journeyman HuNe


Innate Abilities, Weirdness & Mutations

Your spellcasting is much less encumbered by armour.
You can use scrolls of enchantment on lesser artefacts.


Message History

You feel better.
* * * LOW HITPOINT WARNING * * *
You are poisoned.
The naga hits you from afar with a +0 halberd!
* * * LOW HITPOINT WARNING * * *
The naga mage gestures at the naga while chanting.
The naga's venom grows more potent.
The naga warrior spits poison at you. The splash of poison hits you.
You resist. The naga warrior constricts you.
Unknown command.
You feel better.
* * * LOW HITPOINT WARNING * * *
You are poisoned.
The naga ritualist's toxic aura wanes.
The naga mage casts a spell at you. The bolt of poison hits you.
You are more poisoned.
You resist.
* * * LOW HITPOINT WARNING * * *
The bolt of poison hits the naga ritualist.
You block the naga's attack.
The naga mage gestures at you while chanting.
The bolt of poison hits you.
You are more poisoned.
You resist.
* * * LOW HITPOINT WARNING * * *
The bolt of poison hits the naga ritualist.
The naga ritualist is poisoned.
You block the naga warrior's attack. The naga warrior constricts you.
* * * LOW HITPOINT WARNING * * *
You feel better. The naga spits poison at you.
The splash of poison hits you but does no damage.
You are lethally poisoned!
You have difficulty breathing.
* * * LOW HITPOINT WARNING * * *
You feel yourself slow down.
The naga mage gestures at you while chanting.
The bolt of poison hits you! You resist.
You die...

###$...#...#.........,,*******,*
####N..######...........*,,,,,,,*
####...#....#..........[*,*******
####...#.##.............,,*
########.##.......(.....,**
########.##.............,***
####..........N†.....(..,,,*
####...).......)NN..####**,*
####..........†)@......# *,*
####...).....###N......# *,*
####...<.....###.......#**,*
########.#######........,,,*
########.........###....,,,*
################N# *....,,,*
####.....##....#.# *,...,,,*
####...........#)# *,,..,,,*
*,,,,,,,,*,,*,***,,,,,,,*


You could see a naga warrior (curare, catching breath), a naga sharpshooter, a
naga ritualist (strong, poisoned, catching breath), a naga mage (fast, strong)
and a naga (strong, curare, catching breath).

Vanquished Creatures
  An eleionoma (Lair:3)
  Snorg (D:10)
  8 hydras
  A rakshasa (D:15)
  4 ogre magi (Orc:2)
  A merfolk avatar (Lair:5)
  A catoblepas (D:13)
  4 boulder beetles
  2 centaur warriors
  6 death yaks (Lair:5)
  17 two-headed ogres
  3 tengu warriors
  An orc high priest (Orc:2)
  A naga sharpshooter (Snake:1)
  A storm dragon zombie (D:15)
  Amaemon (Lair:1)
  5 skysharks
  A storm dragon skeleton (D:15)
  A shadow wraith (D:13)
  2 skeletal warriors (D:15)
  A deep troll (D:13)
  A mana viper (Snake:1)
  A sea snake (Lair:5)
  A lindwurm (Lair:4)
  A flayed ghost (D:15)
  2 obsidian bats
  2 necromancers
  A deep elf pyromancer (D:15)
  An orc knight (Orc:2)
  6 cyclopes
  2 orc sorcerers
  12 elephants (Lair:5)
  3 manticores
  Joseph (D:10)
  2 torpor snails (Lair:5)
  2 kobold blastminers (Orc:2)
  A rust devil (D:10)
  2 naga magi (Snake:1)
  11 black mambas
  An orange demon (Lair:1)
  6 cane toads
  6 rime drakes
  5 komodo dragons
  An unseen horror (D:12)
  2 efreet
  A tengu conjurer (D:14)
  A freezing wraith (D:15)
  A yaktaur (D:15)
  4 trolls
  3 polar bears
  14 blink frogs
  A wind drake (Lair:5)
  2 hornets (Lair:5)
  9 dream sheep
  A spriggan zombie (D:15)
  15 slime creatures
  2 snapping turtles (Lair:5)
  11 wyverns
  4 wraiths
  A vampire (D:11)
  2 wargs
  3 basilisks
  A basilisk (shapeshifter) (D:15)
  4 steam dragons
  70 yaks
  17 vampire mosquitoes
  8 nagas
  3 acid dragons
  19 water moccasins
  Duvessa (D:7)
  16 orc warriors
  3 sky beasts
  2 black bears
  26 ogres
  2 centaurs (D:9)
  4 laughing skulls (D:15)
  9 wolves
  2 kobold brigands (D:10)
  12 bullfrogs
  4 gnoll sergeants
  3 scorpions
  Dowan (D:7)
  6 killer bees (D:11)
  2 howler monkeys
  A crimson imp (D:7)
  A hound (D:7)
  2 jellies
  Crazy Yiuf (D:7)
  12 orc priests
  3 gnoll boudas
  An iron imp (D:10)
  2 iguanas (D:6)
  13 orc wizards
  5 hell rats (Lair:5)
  20 gnolls
  13 adders
  3 shadow imps
  4 white imps
  5 ufetubi
  A ribbon worm (D:15)
  4 dart slugs
  55 orcs
  8 ball pythons
  5 endoplasms
  4 giant cockroaches
  8 hobgoblins
  7 jackals (D:5)
  6 quokkas
  2 bats
  5 frilled lizards
  11 goblins
  7 kobolds
  4 rats
639 creatures vanquished.

Notes
Turn   | Place    | Note
-------+----------+-------------------------------------------
     0 | D:1      | ouz the Mountain Dwarf Fighter began the quest for the Orb.
     0 | D:1      | Reached XP level 1. HP: 19/19 MP: 1/1
   334 | D:1      | Reached XP level 2. HP: 25/26 MP: 2/2
   393 | D:1      | Reached skill level 3 in Axes
   978 | D:2      | Reached XP level 3. HP: 30/31 MP: 3/3
  1502 | D:2      | Reached XP level 4. HP: 40/40 MP: 4/4
  1626 | D:2      | Reached skill level 4 in Axes
  1906 | D:3      | Found Core's Antique Armour Shop.
  2114 | D:3      | Found Anniuwn's Book Boutique.
  2116 | D:3      | Found Alapuk's Weapon Emporium.
  2225 | D:3      | Reached XP level 5. HP: 28/46 MP: 5/5
  2326 | D:3      | Found Qagolo's Jewellery Shoppe.
  2456 | D:3      | You fall into a shaft and drop 3 floors!
  2480 | D:5      | Entered Level 5 of the Dungeon
  2493 | D:4      | Found a broken altar of Ashenzari.
  2493 | D:4      | Found a shimmering blue altar of Sif Muna.
  2496 | D:4      | Found a white marble altar of Elyvilon.
  2585 | D:5      | Reached skill level 5 in Axes
  2752 | D:4      | Reached XP level 6. HP: 53/53 MP: 6/6
  2754 | D:4      | Found a basalt altar of Yredelemnul.
  2778 | D:4      | Found Deab's General Store.
  2802 | D:4      | Found a basalt altar of Yredelemnul.
  3251 | D:3      | Noticed a water moccasin
  3262 | D:3      | Killed a water moccasin
  3263 | D:3      | Reached skill level 6 in Axes
  3263 | D:3      | Reached XP level 7. HP: 31/60 MP: 7/7
  3527 | D:5      | Reached skill level 5 in Shields
  3808 | D:5      | Found a hazy altar of Hepliaklqana.
  3827 | D:5      | Reached skill level 5 in Fighting
  3827 | D:5      | Reached skill level 5 in Armour
  4471 | D:6      | Reached skill level 7 in Axes
  4572 | D:6      | Reached XP level 8. HP: 66/69 MP: 8/8
  4910 | D:7      | Reached skill level 8 in Axes
  5318 | D:7      | Reached skill level 9 in Axes
  5459 | D:7      | Found a burning altar of Makhleb.
  5460 | D:7      | Found a shimmering altar of Xom.
  5486 | D:7      | Noticed Duvessa
  5494 | D:7      | Killed Duvessa
  5495 | D:7      | Noticed Dowan
  5507 | D:7      | Killed Dowan
  5508 | D:7      | Reached XP level 9. HP: 31/78 MP: 9/9
  5644 | D:7      | Found a staircase to the Ecumenical Temple.
  6054 | D:7      | Found a runed translucent door.
  6055 | D:7      | Noticed Crazy Yiuf
  6068 | D:7      | Killed Crazy Yiuf
  6168 | Temple   | Entered the Ecumenical Temple
  6419 | D:8      | Found a transporter.
  6443 | D:8      | Found a runed translucent door.
  6447 | D:8      | Identified the +5 trident "Tielisch" {holy, rN+ Dex+3 SInv
                  | Stlth+}
  6447 | D:8      | Noticed GreedOfGod's ghost (novice FeSu)
  6450 | D:8      | Noticed a polar bear
  6575 | D:8      | Found an iron altar of Okawaru.
  6576 | D:8      | Found a blossoming altar of Fedhas.
  6583 | D:8      | Became a worshipper of Warmaster Okawaru
  6635 | D:8      | Found a transporter.
  7337 | D:9      | Reached skill level 10 in Axes
  7396 | D:9      | Reached * piety under Okawaru
  7623 | D:9      | Found a stormy altar of Qazlal.
  7760 | D:9      | Reached skill level 11 in Axes
  7779 | D:9      | Reached XP level 10. HP: 54/88 MP: 8/10
  7922 | D:9      | Found a staircase to the Lair.
  8449 | D:9      | Reached ** piety under Okawaru
  8919 | D:9      | Reached skill level 12 in Axes
  9141 | D:10     | Entered Level 10 of the Dungeon
  9142 | D:10     | Noticed a smoke demon
  9200 | D:10     | Noticed a rust devil
  9239 | Lair:1   | Entered Level 1 of the Lair of Beasts
  9350 | Lair:1   | Noticed a black mamba
  9360 | Lair:1   | Killed a black mamba
  9431 | Lair:1   | Reached *** piety under Okawaru
  9559 | Lair:1   | Reached XP level 11. HP: 70/97 MP: 8/11
  9565 | Lair:1   | Reached skill level 13 in Axes
  9603 | Lair:1   | Reached **** piety under Okawaru
 10297 | Lair:1   | Noticed Amaemon
 10309 | Lair:1   | Killed Amaemon
 10697 | Lair:2   | Reached skill level 14 in Axes
 11084 | Lair:2   | Reached ***** piety under Okawaru
 11100 | Lair:2   | Noticed a skyshark
 11275 | Lair:2   | Reached skill level 1 in Invocations
 11410 | Lair:2   | Reached skill level 10 in Armour
 11414 | Lair:2   | Reached skill level 10 in Shields
 11417 | Lair:2   | Reached skill level 10 in Fighting
 11444 | Lair:2   | Killed a skyshark
 11792 | Lair:2   | Found a runed translucent gate.
 11792 | Lair:2   | Found a runed translucent gate.
 11792 | Lair:2   | Found a runed translucent gate.
 11807 | Lair:2   | Noticed ouz's ghost (journeyman MiFi)
 11857 | Lair:2   | Found a staircase to the Snake Pit.
 11984 | Lair:2   | Found a viscous altar of Jiyva.
 12291 | Lair:3   | Found a staircase to the Swamp.
 12291 | Lair:3   | Noticed an eleionoma
 12499 | Lair:3   | Reached XP level 12. HP: 77/106 MP: 10/14
 12682 | Lair:3   | Received a gift from Okawaru
 12683 | Lair:3   | Reached skill level 15 in Axes
 12709 | Lair:3   | Noticed a seven-headed hydra
 12970 | D:10     | Found a hide-covered altar of Uskayaw.
 12985 | D:10     | Noticed a two-headed ogre
 12993 | D:10     | Noticed Snorg
 12996 | D:10     | Killed a two-headed ogre
 13014 | D:10     | Killed Snorg
 13498 | D:10     | Noticed Joseph
 13516 | D:10     | Killed Joseph
 13979 | D:10     | Found a staircase to the Orcish Mines.
 14743 | D:11     | Reached skill level 5 in Invocations
 14797 | D:11     | Noticed a two-headed ogre
 14809 | D:11     | Killed a two-headed ogre
 14809 | D:11     | Received a gift from Okawaru
 15399 | D:12     | Noticed a centaur warrior
 15414 | D:12     | Killed a centaur warrior
 16093 | D:3      | Bought the +5 war axe of Shame {drain, MP+9 Dex+4} for 656
                  | gold pieces
 16387 | Lair:3   | Reached skill level 16 in Axes
 16589 | Lair:3   | You fall into a shaft and drop 2 floors!
 16589 | Lair:5   | Entered Level 5 of the Lair of Beasts
 16589 | Lair:5   | Noticed an eight-headed hydra
 16605 | Lair:5   | Killed an 18-headed hydra
 16746 | Lair:5   | Reached XP level 13. HP: 91/116 MP: 17/17
 16867 | Lair:5   | Received a gift from Okawaru
 17114 | Lair:5   | Reached skill level 17 in Axes
 17281 | Lair:4   | Received a gift from Okawaru
 17281 | Lair:4   | Reached ****** piety under Okawaru
 17498 | Lair:4   | Acquired a +3 broad axe of flaming
 17498 | Lair:4   | Received a gift from Okawaru
 17500 | Lair:4   | Acquired the +13 crystal plate armour of Fuzzy Brilliance
                  | {rPois rN++}
 17500 | Lair:4   | Received a gift from Okawaru
 17631 | Lair:3   | Killed an eleionoma
 17949 | Lair:4   | Found a transporter.
 18095 | Lair:4   | Found a transporter.
 18101 | Lair:4   | Noticed Sokar's ghost (journeyman HuNe)
 18158 | Lair:4   | Got the Compilation of Bombardment and Chemistry
 18171 | Lair:4   | Found a viscous altar of Jiyva.
 18172 | Lair:4   | Found a staircase to the Slime Pits.
 18267 | Lair:4   | Identified the +2 plate armour "Iculetul" {Will+ rCorr}
 18399 | Lair:4   | Received a gift from Okawaru
 18672 | Lair:5   | Reached XP level 14. HP: 100/126 MP: 14/20
 18753 | Lair:5   | Reached skill level 18 in Axes
 19147 | Lair:5   | Received a gift from Okawaru
 20528 | D:13     | Received a gift from Okawaru
 21116 | D:13     | Reached skill level 10 in Invocations
 21376 | D:13     | Found a gate to the Vaults.
 21468 | D:13     | Identified a scroll of acquirement
 21468 | D:13     | Acquired 988 gold pieces
 21795 | D:14     | Found a sacrificial altar of Ru.
 22201 | D:14     | Acquired 1122 gold pieces
 22466 | D:15     | Entered Level 15 of the Dungeon
 22781 | D:15     | Reached XP level 15. HP: 128/136 MP: 21/23
 22783 | D:15     | Found a staircase to the Depths.
 22844 | D:15     | Received a gift from Okawaru
 22846 | D:15     | Noticed Rupert
 23204 | D:15     | Identified the +1 robe "Campith" {Int+7 Stlth+}
 23466 | D:15     | Found a snail-covered altar of Cheibriados.
 23584 | Orc:1    | Entered Level 1 of the Orcish Mines
 23768 | Orc:2    | Entered Level 2 of the Orcish Mines
 23885 | Orc:2    | Found a staircase to the Elven Halls.
 24285 | Orc:2    | Found Xuattufa's General Store.
 24285 | Orc:2    | Found Uhiogun's Distillery.
 24285 | Orc:2    | Found Raro's Armour Boutique.
 24285 | Orc:2    | Found Kaxkeve's Book Emporium.
 24305 | Orc:2    | Received a gift from Okawaru
 24340 | Orc:2    | Reached skill level 15 in Shields
 24388 | Orc:2    | Bought a potion of might for 60 gold pieces
 24388 | Orc:2    | Bought a potion of haste for 150 gold pieces
 24388 | Orc:2    | Bought a potion of might for 60 gold pieces
 24564 | Orc:1    | Received a gift from Okawaru
 25100 | Snake:1  | Entered Level 1 of the Snake Pit
 25101 | Snake:1  | Identified the +1 morningstar of Tender Mercy {protect,
                  | ^Drain rN+ Int+4}
 25165 | Snake:1  | HP: 5/138 [constriction (5)]
 25166 | Snake:1  | Killed from afar by a naga mage

Illustrated notes

Levels and vault maps discovered:
D:1:      elethiomel_arrival_maze, layout_basic, serial_forest,
          infiniplex_forest_clump_tiny, infiniplex_forest_end_double,
          infiniplex_forest_end_1, infiniplex_forest_zigzag_2,
          infiniplex_forest_clump_tiny, infiniplex_forest_split, moated_statue
D:2:      layout_basic, st_stairs_6, grunt_ministairs_12,
          corexii_item_surrounded_by_moat, minmay_misc_feat_diagonals
D:3:      layout_loops_corners, serial_shops, shop, shop, shop, shop,
          kennysheep_small_spiral, kennysheep_flooded_box,
          kennysheep_generic_room_2
D:4:      layout_gridville, marbit_many_paths, nicolae_overflow_hidden_temple,
          serial_shops, shop, kennysheep_small_circle
D:5:      layout_rooms, mainiacjoe_overflow_six_doors_small,
          serial_corexii_hall, corexii_hall_statues_l, corexii_hall_statues_l,
          corexii_corridor_pit
D:6:      layout_loops_corners, portal_sewer_entry_d
D:7:      layout_loops_corners, grunt_temple_overflow_champion_of_chaos,
          temple_doors_e, uniq_crazy_yiuf_cottage, uniq_duvessa
D:8:      layout_basic, grunt_temple_overflow_open, ebering_ghost_funeral_grove,
          nicolae_diode_stairs
D:9:      layout_gridville, nicolae_qazlal_style_of_elements,
          minmay_lair_entry_grove, enter_bailey_5, chequers_garden,
          mrwooster_statue_mirror
D:10:     layout_roguey, nicolae_uskayaw_murder_on_the_dancefloor,
          kennysheep_orc_monster_closet_entryway, roderic_roman_lattice,
          nicolae_demonic_statue_gallery, uniq_snorg, uniq_joseph
D:11:     layout_rooms, kennysheep_generic_room_9
D:12:     layout_irregular_city, hangedman_decor_slide_cut,
          kennysheep_generic_room_5
D:13:     layout_gridville, david_vaults_4
D:14:     layout_gridville, hangedman_decor_riveting, hangedman_ru_absence
D:15:     gammafunk_depths_entry_grave, layout_cave_pools, slow_altar_2,
          uniq_rupert
Temple:   nicolae_temple_bog_church
Lair:1:   layout_gridlike, dreamdust_gnoll_shepherd, uniq_amaemon
Lair:2:   layout_chaotic_city, nicolae_snake_entry_squirm, gammafunk_ghost_ooze
Lair:3:   layout_regular_city, alex1729_swamp_entry_worm_eleionoma
Lair:4:   layout_roguey, slime_entry_1, nzn_ghost_randoct, lemuel_fruit_tree
Lair:5:   gammafunk_lair_ancient_temple, layout_gridlike
Snake:1:  layout_basic, gammafunk_ghost_necromancy,
          portal_ice_cave_entry_pillars_2
Orc:1:    layout_caves
Orc:2:    st_orc_ogre_mass, layout_diamond_mine

Skill      XL: |  1  2  3  4  5  6  7  8  9 10 11 12 13 14 15 |
---------------+----------------------------------------------+-----
Axes           | 3 4 5 6 7 9 11 12 14 16 17 18 | 18.4
Shields        | 4 5 6 7 9 10 11 12 13 15 | 15.4
Armour         | 4 5 6 7 9 10 11 12 13 14 | 14.2
Fighting       | 4 5 6 7 9 10 11 12 13 14 | 14.2
Invocations    | 2 6 8 10 12 | 12.2

Action                     |  1- 3 |  4- 6 |  7- 9 | 10-12 | 13-15 || total
---------------------------+-------+-------+-------+-------+-------++-------
  Melee: War axe           |   114 |   191 |   409 |   863 |   160 ||  1737
         Broad axe         |       |       |       |       |   883 ||   883
 Invoke: Heroism           |       |       |     1 |     8 |     5 ||    14
         Receive Weapon    |       |       |       |       |     1 ||     1
         Receive Armour    |       |       |       |       |     1 ||     1
         Finesse           |       |       |       |       |     3 ||     3
  Evoke: Wand              |       |       |     5 |     9 |     6 ||    20
    Use: Scroll            |     2 |     5 |     4 |    18 |    10 ||    39
         Potion            |       |     4 |     6 |     8 |     6 ||    24
   Stab: Paralysed         |       |       |     4 |       |       ||     4
         Invisible         |       |       |       |     1 |       ||     1
         Distracted        |       |       |       |       |     1 ||     1
 Armour: Scale mail        |    45 |       |       |       |       ||    45
         Chain mail        |    68 |   193 |   336 |   415 |       ||  1012
         Skin              |       |       |   140 |       |       ||   140
         Plate armour      |       |       |       |   363 |   142 ||   505
         Acid dragon scale |       |       |       |    45 |       ||    45
         Crystal plate arm |       |       |       |       |   879 ||   879
  Dodge: Dodged            |    41 |    73 |   139 |   278 |   194 ||   725
  Block: Buckler           |    34 |    63 |   183 |   268 |   172 ||   720
         Kite shield       |       |       |     1 |       |   406 ||   407

Table legend: (Time is in decaauts)
 A = Elapsed time spent in this place.
 B = Non-inter-level travel time spent in this place.
 C = Inter-level travel time spent in this place.
 D = Time resting spent in this place.
 E = Time spent auto-exploring this place.
 F = Levels seen in this place.
 G = Mean time per level.
                   A        B        C        D        E       F      G
               +--------+--------+--------+--------+--------+-----+--------+
         Total |  24904 |  22335 |   2569 |    843 |  16992 |  24 | 1037.7 |
       Dungeon |  16470 |  14898 |   1572 |    643 |  11325 |  15 | 1098.0 |
        Temple |      1 |      1 |      0 |      0 |      0 |   1 |    1.0 |
          Lair |   7170 |   6252 |    918 |    200 |   4726 |   5 | 1434.0 |
     Snake Pit |     53 |     52 |      1 |      0 |      0 |   1 |   53.0 |
  Orcish Mines |   1208 |   1131 |     77 |      0 |    940 |   2 |  604.0 |
               +--------+--------+--------+--------+--------+-----+--------+

Top non-repeatable levels by time:
     D:9: 2034 daAuts
  Lair:2: 1800 daAuts
    D:10: 1704 daAuts
  Lair:5: 1671 daAuts
  Lair:1: 1453 daAuts
     D:7: 1443 daAuts
     D:8: 1365 daAuts
  Lair:3: 1270 daAuts
    D:13: 1228 daAuts
     D:3: 1093 daAuts
     D:6: 1009 daAuts
     D:1: 991 daAuts
    D:15: 981 daAuts
  Lair:4: 974 daAuts
     D:2: 968 daAuts
